TOP OF THE 1ST |
Amarillo Archdukes batting - Pitching for Waba Ducks : RHP Anthony Rigsby
|
Pitching: RHP Anthony Rigsby
|
|
Batting: LHB John Frost
|
0-0: Ball 1-0: Ball 2-0: Reached on error, E4 (Groundball, 4)
|
Batting: RHB Norm Francis
|
0-0: Ball John Frost is caught stealing 2nd base 1-0: Called Strike 1-1: Ball 2-1: Ball 3-1: SINGLE (Line Drive, 7S)
|
Batting: LHB Michael Cook
|
0-0: Ball 1-0: Called Strike 1-1: Ball 2-1: 2-RUN HOME RUN (Flyball, 89XD), Distance : 371 ft
|
Batting: LHB Ron Crawford
|
0-0: Foul Ball, location: 2F 0-1: SINGLE (Groundball, 56D)
|
Batting: LHB Howard Lambert
|
0-0: Called Strike 0-1: Ball Ron Crawford is caught stealing 2nd base 1-1: Ground out U3 (Groundball, 34)
|
Top of the 1st over - 2 run(s), 3 hit(s), 1 error(s), 0 left on base; Amarillo 2 - Waba 0 |
BOTTOM OF THE 1ST |
Waba Ducks batting - Pitching for Amarillo Archdukes : RHP Ron Martin
|
Pitching: RHP Ron Martin
|
|
Batting: LHB José Rodríguez
|
0-0: Ball 1-0: Ball 2-0: Ball 3-0: Ground out 4-3 (Groundball, 4)
|
Batting: RHB Pedro Molina
|
0-0: Ball 1-0: Ball 2-0: Ball 3-0: Called Strike 3-1: Called Strike 3-2: Base on Balls
|
Batting: RHB Eduardo García
|
0-0: Ball 1-0: Swinging Strike 1-1: Foul Ball, location: 2F 1-2: Ball 2-2: Fly out, F3 (Popup, 3S)
|
Batting: RHB Chris Osborn
|
0-0: Called Strike 0-1: Ball 1-1: Ball 2-1: Foul Ball, location: 2F 2-2: Strikes out swinging
|
Bottom of the 1st over - 0 run(s), 0 hit(s), 0 error(s), 1 left on base; Amarillo 2 - Waba 0 |
TOP OF THE 2ND |
Amarillo Archdukes batting - Pitching for Waba Ducks : RHP Anthony Rigsby
|
Batting: LHB Pedro Díaz
|
0-0: SOLO HOME RUN (Flyball, 9LD), Distance : 342 ft
|
Batting: RHB Michael Thomas
|
0-0: Foul Ball, location: 2F 0-1: SOLO HOME RUN (Flyball, 7D), Distance : 374 ft
|
Batting: RHB Herb Bunch
|
0-0: Foul Ball, location: 2F 0-1: Swinging Strike 0-2: Fly out, F9 (Flyball, 9S)
|
Batting: RHB Juan Barrera
|
0-0: Fly out, F9 (Flyball, 89M)
|
Batting: LHB John Frost
|
0-0: Fly out, F7 (Flyball, 7)
|
Top of the 2nd over - 2 run(s), 2 hit(s), 0 error(s), 0 left on base; Amarillo 4 - Waba 0 |
BOTTOM OF THE 2ND |
Waba Ducks batting - Pitching for Amarillo Archdukes : RHP Ron Martin
|
Batting: LHB Howard Evans
|
0-0: Ball 1-0: Fly out, F6 (Popup, 56D)
|
Batting: RHB Paul Spencer
|
0-0: Called Strike 0-1: Swinging Strike 0-2: Ball 1-2: Ball 2-2: Ball 3-2: Strikes out swinging
|
Batting: RHB Jeremy Flemming
|
0-0: Called Strike 0-1: Ball 1-1: Foul Ball, location: 2F 1-2: Ball 2-2: Foul Ball, location: 2F 2-2: Foul Ball, location: 2F 2-2: Ball 3-2: Base on Balls
|
Batting: RHB Kelly Graham
|
0-0: Ball 1-0: Called Strike 1-1: Called Strike 1-2: Ball 2-2: Strikes out looking
|
Bottom of the 2nd over - 0 run(s), 0 hit(s), 0 error(s), 1 left on base; Amarillo 4 - Waba 0 |
TOP OF THE 3RD |
Amarillo Archdukes batting - Pitching for Waba Ducks : RHP Anthony Rigsby
|
Batting: RHB Norm Francis
|
0-0: Ball 1-0: SINGLE (Groundball, 4MD)
|
Batting: LHB Michael Cook
|
0-0: Called Strike 0-1: Ball 1-1: Ball 2-1: Ball 3-1: Called Strike 3-2: Base on Balls Norm Francis to second
|
Batting: LHB Ron Crawford
|
0-0: Called Strike 0-1: Ball 1-1: Ball 2-1: 3-RUN HOME RUN (Flyball, 89XD), Distance : 370 ft
|
Batting: LHB Howard Lambert
|
0-0: Called Strike 0-1: Ball 1-1: Ball 2-1: Ball 3-1: Foul Ball, location: 2F 3-2: Base on Balls
|
Batting: LHB Pedro Díaz
|
0-0: Called Strike 0-1: Ball 1-1: SINGLE (Flyball, 9S) Howard Lambert to second Runner from 2nd tries for 3rd, SAFE, no throw
|
Batting: RHB Michael Thomas
|
0-0: Swinging Strike 0-1: Swinging Strike 0-2: Ball 1-2: 3-RUN HOME RUN (Flyball, 7LD), Distance : 319 ft
|
Pitching: RHP Esteban Gonzáles
|
|
Batting: RHB Herb Bunch
|
0-0: Swinging Strike 0-1: Ball 1-1: Ball 2-1: Foul Ball, location: 2F 2-2: Ball 3-2: SINGLE (Groundball, 3D)
|
Batting: RHB Juan Barrera
|
0-0: Ball 1-0: Called Strike 1-1: Ball 2-1: Swinging Strike 2-2: Foul Ball, location: 2F 2-2: Strikes out swinging
|
Batting: LHB John Frost
|
0-0: Called Strike 0-1: Called Strike 0-2: Foul Ball, location: 2F 0-2: Ball 1-2: Reached on error, E4 (Groundball, 4) Herb Bunch to second
|
Batting: RHB Norm Francis
|
0-0: Swinging Strike 0-1: Ground out 5-3 (Groundball, 56S) Herb Bunch to third John Frost to second
|
Batting: LHB Michael Cook
|
0-0: SINGLE (Line Drive, 4D) Herb Bunch scores John Frost to third Runner from 3rd tries for Home, SAFE, no throw
|
Batting: LHB Ron Crawford
|
0-0: Called Strike 0-1: Called Strike 0-2: Strikes out swinging
|
Top of the 3rd over - 8 run(s), 6 hit(s), 1 error(s), 1 left on base; Amarillo 12 - Waba 0 |
BOTTOM OF THE 3RD |
Waba Ducks batting - Pitching for Amarillo Archdukes : RHP Ron Martin
|
Batting: RHB Enrique Castillo
|
0-0: Ball 1-0: Ground out 4-3 (Groundball, 4)
|
Batting: LHB José Rodríguez
|
0-0: Called Strike 0-1: Ball 1-1: Fly out, F2 (Popup, 2L)
|
Batting: RHB Pedro Molina
|
0-0: Called Strike 0-1: Foul Ball, location: 2F 0-2: SINGLE (Line Drive, 7S)
|
Batting: RHB Eduardo García
|
0-0: Fielders Choice at 2nd, 6-4 (Groundball, 6)
|
Bottom of the 3rd over - 0 run(s), 1 hit(s), 0 error(s), 0 left on base; Amarillo 12 - Waba 0 |
TOP OF THE 4TH |
Amarillo Archdukes batting - Pitching for Waba Ducks : RHP Esteban Gonzáles
|
Batting: LHB Howard Lambert
|
0-0: Called Strike 0-1: Ball 1-1: Foul Ball, location: 2F 1-2: Ball 2-2: Ball 3-2: Fly out, F9 (Flyball, 9)
|
Batting: LHB Pedro Díaz
|
0-0: Ball 1-0: Called Strike 1-1: Fly out, F8 (Line Drive, 8RD)
|
Batting: RHB Michael Thomas
|
0-0: Called Strike 0-1: Called Strike 0-2: Strikes out swinging
|
Top of the 4th over - 0 run(s), 0 hit(s), 0 error(s), 0 left on base; Amarillo 12 - Waba 0 |
BOTTOM OF THE 4TH |
Waba Ducks batting - Pitching for Amarillo Archdukes : RHP Ron Martin
|
Batting: RHB Chris Osborn
|
0-0: Foul Ball, location: 2F 0-1: Foul Ball, location: 2F 0-2: Ground out 6-3 (Groundball, 6)
|
Batting: LHB Howard Evans
|
0-0: Foul Ball, location: 2F 0-1: Foul Ball, location: 2F 0-2: Fly out, F6 (Popup, 6D)
|
Batting: RHB Paul Spencer
|
0-0: Ball 1-0: Ball 2-0: Ball 3-0: Base on Balls
|
Batting: RHB Jeremy Flemming
|
0-0: Ball 1-0: Ball Paul Spencer is caught stealing 2nd base
|
Bottom of the 4th over - 0 run(s), 0 hit(s), 0 error(s), 0 left on base; Amarillo 12 - Waba 0 |
TOP OF THE 5TH |
Amarillo Archdukes batting - Pitching for Waba Ducks : RHP Esteban Gonzáles
|
Batting: RHB Herb Bunch
|
0-0: Ball 1-0: Ball 2-0: Ball 3-0: Called Strike 3-1: Called Strike 3-2: Foul Ball, location: 2F 3-2: Strikes out looking
|
Batting: RHB Juan Barrera
|
0-0: SINGLE (Line Drive, 56D)
|
Batting: LHB John Frost
|
0-0: Swinging Strike 0-1: Ball 1-1: Foul Ball, location: 2F 1-2: DOUBLE (Line Drive, 8LXD) Juan Barrera to third Runner from 3rd tries for Home, throw and OUT! John Frost to third
|
Batting: RHB Norm Francis
|
0-0: Called Strike 0-1: Ground out 6-3 (Groundball, 6)
|
Top of the 5th over - 0 run(s), 2 hit(s), 0 error(s), 1 left on base; Amarillo 12 - Waba 0 |
BOTTOM OF THE 5TH |
Waba Ducks batting - Pitching for Amarillo Archdukes : RHP Ron Martin
|
Batting: RHB Jeremy Flemming
|
0-0: Called Strike 0-1: Ball 1-1: Ground out 5-3 (Groundball, 56S)
|
Batting: RHB Kelly Graham
|
0-0: Called Strike 0-1: Foul Ball, location: 2F 0-2: Strikes out swinging
|
Batting: RHB Enrique Castillo
|
0-0: Ball 1-0: Called Strike 1-1: Swinging Strike 1-2: Strikes out swinging
|
Bottom of the 5th over - 0 run(s), 0 hit(s), 0 error(s), 0 left on base; Amarillo 12 - Waba 0 |
TOP OF THE 6TH |
Amarillo Archdukes batting - Pitching for Waba Ducks : RHP Esteban Gonzáles
|
Batting: LHB Michael Cook
|
0-0: Ball 1-0: Ball 2-0: Ball 3-0: Base on Balls
|
Pitching: RHP Manny Benavides
|
|
Batting: LHB Ron Crawford
|
0-0: Ball 1-0: Called Strike 1-1: Called Strike 1-2: Ball 2-2: Strikes out swinging
|
Batting: LHB Howard Lambert
|
0-0: Ground out 4-3 (Groundball, 4S) Michael Cook to second
|
Batting: LHB Pedro Díaz
|
0-0: Ball 1-0: Ball 2-0: Ball 3-0: Called Strike 3-1: SINGLE (Line Drive, 7LS) Michael Cook to third Runner from 3rd tries for Home, SAFE, no throw
|
Batting: RHB Michael Thomas
|
0-0: Ball 1-0: Ball 2-0: Ball 3-0: Base on Balls Pedro Díaz to second
|
Batting: RHB Herb Bunch
|
0-0: Called Strike 0-1: Foul Ball, location: 2F 0-2: Ball 1-2: Ball 2-2: Ground out 5-3 (Groundball, 56S)
|
Top of the 6th over - 1 run(s), 1 hit(s), 0 error(s), 2 left on base; Amarillo 13 - Waba 0 |
BOTTOM OF THE 6TH |
Waba Ducks batting - Pitching for Amarillo Archdukes : RHP Ron Martin
|
Batting: LHB José Rodríguez
|
0-0: Fly out, F8 (Flyball, 8LXD)
|
Batting: RHB Pedro Molina
|
0-0: Foul Ball, location: 2F 0-1: Foul Ball, location: 2F 0-2: Ball 1-2: Ground out 5-3 (Groundball, 56S)
|
Batting: RHB Eduardo García
|
0-0: Hit by Pitch
|
Batting: RHB Chris Osborn
|
0-0: Ball 1-0: Called Strike 1-1: Ball 2-1: Swinging Strike 2-2: Strikes out swinging
|
Bottom of the 6th over - 0 run(s), 0 hit(s), 0 error(s), 1 left on base; Amarillo 13 - Waba 0 |
TOP OF THE 7TH |
Amarillo Archdukes batting - Pitching for Waba Ducks : RHP Manny Benavides
|
Batting: RHB Juan Barrera
|
0-0: Ball 1-0: Foul Ball, location: 2F 1-1: Foul Ball, location: 2F 1-2: Ball 2-2: Foul Ball, location: 2F 2-2: DOUBLE (Line Drive, 9LM)
|
Batting: LHB John Frost
|
0-0: Called Strike 0-1: Foul Ball, location: 2F 0-2: Ground out U3 (Groundball, 34S) Juan Barrera to third
|
Batting: RHB Norm Francis
|
0-0: Called Strike 0-1: Ball 1-1: Ball 2-1: Foul Ball, location: 2F 2-2: Foul Ball, location: 2F 2-2: SINGLE (Line Drive, 78S) Juan Barrera scores
|
Batting: LHB Michael Cook
|
0-0: Called Strike 0-1: Ball 1-1: Ball 2-1: Ball 3-1: Foul Ball, location: 2F 3-2: Strikes out looking
|
Batting: LHB Ron Crawford
|
0-0: Called Strike Norm Francis is caught stealing 2nd base
|
Top of the 7th over - 1 run(s), 2 hit(s), 0 error(s), 0 left on base; Amarillo 14 - Waba 0 |
BOTTOM OF THE 7TH |
Waba Ducks batting - Pitching for Amarillo Archdukes : RHP Ron Martin
|
Batting: LHB Howard Evans
|
0-0: Called Strike 0-1: Ball 1-1: Foul Ball, location: 2F 1-2: Ball 2-2: Strikes out swinging
|
Batting: RHB Paul Spencer
|
0-0: Fly out, F5 (Popup, 5L)
|
Batting: RHB Jeremy Flemming
|
0-0: Called Strike 0-1: Ball 1-1: Ball 2-1: Ball 3-1: Base on Balls
|
Batting: RHB Kelly Graham
|
0-0: Foul Ball, location: 2F 0-1: Foul Ball, location: 2F 0-2: Fly out, F8 (Flyball, 8LS)
|
Bottom of the 7th over - 0 run(s), 0 hit(s), 0 error(s), 1 left on base; Amarillo 14 - Waba 0 |
TOP OF THE 8TH |
Amarillo Archdukes batting - Pitching for Waba Ducks : RHP Manny Benavides
|
Batting: LHB Ron Crawford
|
0-0: SOLO HOME RUN (Flyball, 8LXD), Distance : 429 ft
|
Batting: LHB Howard Lambert
|
0-0: Ball 1-0: Ball 2-0: Ball 3-0: Called Strike 3-1: Base on Balls
|
Pitching: RHP António Mata
|
|
Batting: LHB Pedro Díaz
|
0-0: Ball 1-0: Called Strike 1-1: Grounds into double play, 4-6-3 (Groundball, 4)
|
Batting: RHB Michael Thomas
|
0-0: Ball 1-0: Ball 2-0: Ball 3-0: Called Strike 3-1: Base on Balls
|
Batting: RHB Herb Bunch
|
0-0: Called Strike Michael Thomas is caught stealing 2nd base
|
Top of the 8th over - 1 run(s), 1 hit(s), 0 error(s), 0 left on base; Amarillo 15 - Waba 0 |
BOTTOM OF THE 8TH |
Waba Ducks batting - Pitching for Amarillo Archdukes : RHP Ron Martin
|
Batting: RHB Enrique Castillo
|
0-0: Ball 1-0: Foul Ball, location: 2F 1-1: Swinging Strike 1-2: Ball 2-2: Strikes out looking
|
Pitching: RHP Tsugahara Suzuki
|
|
Batting: LHB José Rodríguez
|
0-0: Ball 1-0: Foul Ball, location: 2F 1-1: SINGLE (Flyball, 8RS)
|
Batting: RHB Pedro Molina
|
0-0: Ball 1-0: Called Strike 1-1: Grounds into double play, 5-4-3 (Groundball, 5)
|
Bottom of the 8th over - 0 run(s), 1 hit(s), 0 error(s), 0 left on base; Amarillo 15 - Waba 0 |
TOP OF THE 9TH |
Amarillo Archdukes batting - Pitching for Waba Ducks : RHP António Mata
|
Batting: RHB Herb Bunch
|
0-0: Ball 1-0: Foul Ball, location: 2F 1-1: Ball 2-1: Foul Ball, location: 2F 2-2: Ball 3-2: Fly out, F2 (Popup, 23)
|
Batting: RHB Juan Barrera
|
0-0: Called Strike 0-1: Swinging Strike 0-2: Ball 1-2: Strikes out swinging
|
Batting: LHB John Frost
|
0-0: Foul Ball, location: 2F 0-1: Fly out, F3 (Popup, 3L)
|
Top of the 9th over - 0 run(s), 0 hit(s), 0 error(s), 0 left on base; Amarillo 15 - Waba 0 |
BOTTOM OF THE 9TH |
Waba Ducks batting - Pitching for Amarillo Archdukes : RHP Tsugahara Suzuki
|
Batting: RHB Eduardo García
|
0-0: Ground out 5-3 (Groundball, 56S)
|
Batting: RHB Chris Osborn
|
0-0: Foul Ball, location: 2F 0-1: Called Strike 0-2: Foul Ball, location: 2F 0-2: Ball 1-2: Foul Ball, location: 2F 1-2: Foul Ball, location: 2F 1-2: Foul Ball, location: 2F 1-2: Foul Ball, location: 2F 1-2: Ball 2-2: SINGLE (Groundball, 4D)
|
Batting: LHB Howard Evans
|
0-0: Called Strike 0-1: Ball 1-1: Foul Ball, location: 2F 1-2: Grounds into double play, 6-4-3 (Groundball, 6MD)
|
Bottom of the 9th over - 0 run(s), 1 hit(s), 0 error(s), 0 left on base; Amarillo 15 - Waba 0 |
|